 Dungeon Crawl Stone Soup version 0.21.0-37-g46506fa (webtiles) character file.

9401 Monsterracer the Thaumaturge (level 11, -1/80 (81) HPs)
             Began as a Gnoll Venom Mage on Jan 31, 2018.
             Was the Champion of Jiyva.
             Slain by an eight-headed hydra (6 damage)
             ... on level 1 of the Lair of Beasts.
             The game lasted 00:32:05 (11611 turns).

Monsterracer the Thaumaturge (Gnoll Venom Mage)    Turns: 11611, Time: 00:32:06

HP:   -1/80 (81)    AC: 14    Str: 14    XL:     11   Next: 45%
MP:   17/23         EV: 18    Int: 21    God:    Jiyva [******]
Gold: 167           SH:  0    Dex: 19    Spells: 5/26 levels left

rFire    . . .     SeeInvis .   a - +4 short sword (protect)
rCold    . . .     Gourm    .   (no shield)
rNeg     + . .     Faith    .   y - +2 robe "Temuzuh" {rPois Str+4}
rPois    +         Spirit   .   (helmet restricted)
rElec    .         Reflect  .   h - +0 cloak {MR+}
rCorr    +         Harm     .   l - +0 pair of gloves
MR       +....     Rnd*Rage +   (no boots)
Stlth    ++++......             s - amulet of magic regeneration
HPRegen  1.23/turn              k - ring of positive energy {!d}
MPRegen  0.43/turn              B - +3 ring of dexterity

@: protection aura, regenerating
A: distributed training, antennae 1, fangs 1, berserk 1, acidic bite, strong
nose
a: Request Jelly, Slimify, Cure Bad Mutation, Renounce Religion


You were on level 1 of the Lair of Beasts.
You worshipped Jiyva.
Jiyva was exalted by your worship.
You were very full.

You visited 3 branches of the dungeon, and saw 13 of its levels.

You collected 299 gold pieces.
You spent 132 gold pieces at shops.

Inventory:

Hand Weapons
 a - a +4 short sword of protection (weapon)
 b - a +2 spear of flaming
 e - a +0 long sword of holy wrath
 w - a +0 rapier of electrocution
 H - a +0 glaive of chopping
Armour
 h - a +0 cloak of magic resistance (worn)
 l - a +0 pair of gloves (worn)
 r - a +0 helmet
 y - the +2 robe "Temuzuh" (worn) {rPois Str+4}
   (You found it on level 5 of the Dungeon)

   It affects your strength (+4).
   It protects you from poison.
Jewellery
 k - a ring of positive energy (left hand) {!d}
 m - an uncursed ring of fire
 s - an amulet of magic regeneration (around neck)
 B - a +3 ring of dexterity (right hand)
Wands
 n - a wand of polymorph (9)
 v - a wand of iceblast (6)
 x - a wand of disintegration (5)
 A - a wand of clouds (5)
 C - a wand of enslavement (8)
 G - a wand of digging (13)
Scrolls
 f - a scroll of fear {!r}
 g - 2 scrolls of teleportation
 o - 3 scrolls of remove curse
 q - 2 scrolls of blinking
Potions
 d - 2 potions of agility
 i - a potion of brilliance
 j - 3 potions of heal wounds
 p - 2 potions of lignification
 t - 2 potions of ambrosia {!q}
 u - a potion of mutation {!q}
 z - 2 potions of berserk rage {!q}
 E - a potion of cancellation {unknown}
 F - a potion of degeneration {unknown}
Books
 D - a book of Necromancy

   Spells                             Type                      Level
   a - Pain                           Necromancy                   1
   b - Animate Skeleton               Necromancy                   1
   c - Vampiric Draining              Necromancy                   3
   d - Regeneration                   Charms/Necromancy            3
   e - Animate Dead                   Necromancy                   4
   f - Borgnjor's Vile Clutch         Necromancy/Earth             5
Comestibles
 c - 12 rations


   Skills:
 + Level 6.2 Fighting
 + Level 6.2 Short Blades
 + Level 6.2 Long Blades
 + Level 6.2 Axes
 + Level 6.2 Maces & Flails
 + Level 6.2 Polearms
 + Level 6.2 Staves
 + Level 6.2 Slings
 + Level 6.2 Bows
 + Level 6.2 Crossbows
 + Level 6.2 Throwing
 + Level 6.2 Armour
 + Level 7.8 Dodging
 + Level 7.5 Stealth
 + Level 6.2 Shields
 + Level 6.2 Unarmed Combat
 + Level 8.0 Spellcasting
 + Level 5.6 Conjurations
 + Level 5.1 Hexes
 + Level 5.1 Charms
 + Level 5.1 Summonings
 + Level 5.1 Necromancy
 + Level 5.1 Translocations
 + Level 5.1 Transmutations
 + Level 5.1 Fire Magic
 + Level 5.1 Ice Magic
 + Level 5.1 Air Magic
 + Level 5.1 Earth Magic
 + Level 7.6 Poison Magic
 + Level 6.8 Invocations
 + Level 6.2 Evocations


You had 5 spell levels left.
You knew the following spells:

 Your Spells              Type           Power        Failure   Level  Hunger
a - Magic Dart            Conj           ####         1%          1    None
b - Conjure Flame         Conj/Fire      ####....     2%          3    None
c - Mephitic Cloud        Conj/Pois/Air  ####....     1%          3    None
d - Olgreb's Toxic Radia  Pois           #####...     3%          4    ###....
e - Blink                 Tloc           N/A          1%          2    None
f - Venom Bolt            Conj/Pois      #####.....   14%         5    #####..
j - Regeneration          Chrm/Necr      ####......   2%          3    None


Dungeon Overview and Level Annotations

Branches:
Dungeon (11/15)            Temple (1/1) D:4            Lair (1/6) D:11
    Orc (0/2) D:11

Altars:
Ashenzari
Cheibriados
Dithmenos
Elyvilon
Fedhas
Gozag
Hepliaklqana
Kikubaaqudgha
Makhleb
Nemelex Xobeh
Okawaru
Qazlal
Ru
Sif Muna
Trog
Uskayaw
Vehumet
Wu Jian
Xom
Yredelemnul
Zin
The Shining One
Jiyva

Shops:
D:8 (   D:11 =


Innate Abilities, Weirdness & Mutations

Your experience applies equally to all skills.
You have very sharp teeth.
Your uncanny sense of smell can sniff out nearby items.
You have a pair of small antennae on your head.
You tend to lose your temper in combat.
You have acidic saliva.


Message History

You hit the bullfrog. Your bite misses the bullfrog.
The bullfrog is moderately wounded.
The bullfrog hits you but does no damage.
You hit the bullfrog.
The bullfrog is moderately wounded.
The bullfrog hits you.
You take 5 damage, and have 73/80 hp.
A bullfrog is nearby!
You barely miss the bullfrog. Your bite misses the bullfrog.
The bullfrog is moderately wounded.
The bullfrog misses you.
You closely miss the bullfrog.
You bite the bullfrog, but do no damage.
The bullfrog is moderately wounded.
The bullfrog hits you but does no damage.
The bullfrog completely misses you.
A bullfrog is nearby!
You puncture the bullfrog! Your bite misses the bullfrog.
The bullfrog is almost dead.
The bullfrog misses you.
You hit the bullfrog but do no damage.
You bite the bullfrog, but do no damage.
The bullfrog is almost dead.
The bullfrog misses you.
You puncture the bullfrog!
You kill the bullfrog!
No target in view!
No target in view!
You see here a bullfrog corpse.
o - 3 scrolls of remove curse (gained 1)
G - a wand of digging (13) Health restored: 80
Found 20 arrows.
Found an escape hatch in the floor.
An eight-headed hydra comes into view.
The eight-headed hydra roars!
You see here a glowing glaive.
H - a glowing glaive The eight-headed hydra bites you.
The eight-headed hydra bites you!
The eight-headed hydra completely misses you.
The eight-headed hydra misses you.
The eight-headed hydra bites you but does no damage.
The eight-headed hydra misses you.
The eight-headed hydra completely misses you.
The eight-headed hydra bites you.
You take 14 damage, and have 66/80 hp.
Casting: Magic Dart
Confirm with . or Enter, or press ? or * to list all spells.
You blink.
Found a potion of agility.
Found two stone staircases leading down.
You now have 21/23 mp.
Casting: Blink
Confirm with . or Enter, or press ? or * to list all spells.
Aiming: Conjure Flame
Press: ? - help, Dir - move target cursor The fire ignites!
You now have 19/23 mp.
Casting: Conjure Flame
Confirm with . or Enter, or press ? or * to list all spells.
Okay, then.
Casting: Conjure Flame
Confirm with . or Enter, or press ? or * to list all spells.
Your skin crawls.
The eight-headed hydra is engulfed in blazing flames.
The eight-headed hydra bites you. x3; The eight-headed hydra bites you!
The eight-headed hydra barely misses you.
The eight-headed hydra bites you!
* * * LOW HITPOINT WARNING * * *
The eight-headed hydra bites you.
* * * LOW HITPOINT WARNING * * *
The eight-headed hydra bites you.
* * * LOW HITPOINT WARNING * * *
You take 36 damage, and have 31/80 hp.
MASSIVE DAMAGE!!
You now have 16/23 mp.
You hit the eight-headed hydra.
Your weapon exudes an aura of protection.
The eight-headed hydra is moderately wounded.
The eight-headed hydra is engulfed in blazing flames.
The eight-headed hydra bites you.
* * * LOW HITPOINT WARNING * * *
The eight-headed hydra bites you but does no damage. x2
The eight-headed hydra bites you.
* * * LOW HITPOINT WARNING * * *
The eight-headed hydra closely misses you.
The eight-headed hydra bites you!
* * * LOW HITPOINT WARNING * * *
The eight-headed hydra bites you!
* * * LOW HITPOINT WARNING * * *
The eight-headed hydra closely misses you.
You take 23 damage, and have 8/80 hp.
MASSIVE DAMAGE!!
You barely miss the eight-headed hydra.
The eight-headed hydra is heavily wounded.
The eight-headed hydra is engulfed in blazing flames.
The eight-headed hydra misses you.
The eight-headed hydra barely misses you.
The eight-headed hydra misses you.
The eight-headed hydra bites you but does no damage.
The eight-headed hydra bites you.
* * * LOW HITPOINT WARNING * * *
The eight-headed hydra bites you.
You die...

##........##
#P........#
##........#
#........#
#........#
#........#
#........#
#P..(..D>.##
##......@.P#
#........##
#........#
#........#
#.......>.
#.>......!.
#..........
#...........


You could see an eight-headed hydra.

Vanquished Creatures
  The ghost of Ratty the Markscentaur, a journeyman CeBe of Trog (D:11)
  The ghost of soepske the Blocker, a novice FoFi of Okawaru (D:7)
  Pikel (D:9)
  Psyche (D:8)
  2 trolls (D:11)
  3 hippogriffs
  4 yaks (Lair:1)
  A vampire mosquito (D:11)
  2 porcupines (Lair:1)
  3 ice beasts
  10 orc warriors
  2 slaves (D:9)
  A black bear (D:9)
  A necrophage (D:5)
  5 ogres
  A centaur (D:6)
  A crocodile (Lair:1)
  6 bullfrogs
  5 killer bees
  A howler monkey (D:6)
  2 electric eels (D:11)
  2 crimson imps
  4 hounds
  2 centaur skeletons
  Crazy Yiuf (D:4)
  7 orc priests
  8 orc wizards
  3 iron imps (D:5)
  2 iguanas
  Natasha (thrice) (D:2)
  7 worker ants
  A killer bee zombie (D:5)
  A hound zombie (D:11)
  2 hound skeletons (D:7)
  Robin (D:2)
  A worker ant zombie (D:5)
  9 gnolls
  A howler monkey skeleton (D:8)
  9 adders
  2 shadow imps
  An ooze (D:1)
  An adder skeleton (D:6)
  4 worms
  A dart slug (D:2)
  A leopard gecko (D:5)
  26 orcs
  5 bats
  6 giant cockroaches
  11 hobgoblins
  10 jackals
  8 kobolds
  3 quokkas
  A ball python (D:2)
  A ball python skeleton (D:4)
  7 frilled lizards
  10 goblins
  A jackal skeleton (D:6)
  9 rats
  A butterfly (D:3)
227 creatures vanquished.

Vanquished Creatures (collateral kills)
  The ghost of Zleub the Fighter, a journeyman DrFi of Okawaru (D:11)
  A two-headed ogre (D:10)
  An orc warrior (D:11)
  A worker ant (D:11)
  An orc (D:11)
5 creatures vanquished.

Vanquished Creatures (others)
  An unseen horror (D:11)
  Maurice (D:9)
  A water elemental (D:11)
  A vampire mosquito (D:11)
  Menkaure (D:4)
  2 sky beasts
  A black bear (D:11)
  An eye of draining (D:10)
  A necrophage (D:9)
  A slave (D:9)
  An ogre (D:9)
  2 centaurs
  A bullfrog (D:6)
  A scorpion (D:5)
  3 killer bees (D:8)
  51 jellies
  2 howler monkeys
  2 crimson imps
  2 hounds (D:8)
  3 orc priests
  A bullfrog skeleton (D:5)
  A centaur skeleton (D:9)
  6 orc wizards
  2 iguanas
  2 worker ants
  A gnoll (D:4)
  4 adders
  A shadow imp (D:10)
  A worm (D:9)
  3 leopard geckos
  20 orcs
  3 jackals (D:6)
  A quokka (D:4)
  A frilled lizard (D:4)
  A quokka skeleton (D:4)
127 creatures vanquished.

Grand Total: 359 creatures vanquished

Notes
Turn   | Place    | Note
-------+----------+-------------------------------------------
     0 | D:1      | Monsterracer the Gnoll Venom Mage began the quest for the Orb.
     0 | D:1      | Reached XP level 1. HP: 13/13 MP: 6/6
   218 | D:1      | Reached XP level 2. HP: 11/19 MP: 4/7
   619 | D:1      | HP: 10/20 [jackal (2)]
   929 | D:1      | Reached XP level 3. HP: 22/25 MP: 0/9
  1030 | D:1      | Learned a level 3 spell: Mephitic Cloud
  1233 | D:1      | Reached skill level 5 in Spellcasting
  1522 | D:2      | Noticed Natasha
  1539 | D:2      | Reached skill level 1 in Invocations
  1541 | D:2      | Killed Natasha
  1541 | D:2      | Reached skill level 1 in Fighting
  1541 | D:2      | Reached skill level 1 in Short Blades
  1541 | D:2      | Reached skill level 1 in Long Blades
  1541 | D:2      | Reached skill level 1 in Axes
  1541 | D:2      | Reached skill level 1 in Maces & Flails
  1541 | D:2      | Reached skill level 1 in Polearms
  1541 | D:2      | Reached skill level 1 in Staves
  1541 | D:2      | Reached skill level 1 in Slings
  1541 | D:2      | Reached skill level 1 in Bows
  1541 | D:2      | Reached skill level 1 in Crossbows
  1541 | D:2      | Reached skill level 1 in Throwing
  1541 | D:2      | Reached skill level 1 in Armour
  1541 | D:2      | Reached skill level 1 in Shields
  1541 | D:2      | Reached skill level 1 in Unarmed Combat
  1541 | D:2      | Reached skill level 1 in Evocations
  1541 | D:2      | Reached XP level 4. HP: 32/32 MP: 3/11
  1640 | D:2      | Noticed Natasha
  1784 | D:1      | Learned a level 4 spell: Olgreb's Toxic Radiance
  1800 | D:2      | Killed Natasha
  1800 | D:2      | Reached skill level 1 in Hexes
  1800 | D:2      | Reached skill level 1 in Charms
  1800 | D:2      | Reached skill level 1 in Summonings
  1800 | D:2      | Reached skill level 1 in Necromancy
  1800 | D:2      | Reached skill level 1 in Translocations
  1800 | D:2      | Reached skill level 1 in Transmutations
  1800 | D:2      | Reached skill level 1 in Fire Magic
  1800 | D:2      | Reached skill level 1 in Ice Magic
  1800 | D:2      | Reached skill level 1 in Air Magic
  1800 | D:2      | Reached skill level 1 in Earth Magic
  1806 | D:2      | HP: 12/32 [gnoll/flail (7)]
  1822 | D:2      | HP: 11/32 [ooze (3)]
  1826 | D:2      | HP: 5/32 [ooze (1)]
  1831 | D:1      | Reached XP level 5. HP: 6/37 MP: 5/12
  2205 | D:2      | Noticed Natasha
  2215 | D:2      | HP: 16/37 [Natasha/magic dart (6)]
  2215 | D:2      | HP: 7/37 [Natasha (9)]
  2216 | D:2      | Killed Natasha
  2742 | D:2      | Noticed Robin
  2759 | D:2      | HP: 18/37 [Robin/short sword of protection (1)]
  2760 | D:2      | Killed Robin
  3239 | D:3      | Reached XP level 6. HP: 43/44 MP: 13/13
  3304 | D:3      | Found an opulent altar of Gozag.
  3317 | D:3      | Found a radiant altar of Vehumet.
  3331 | D:3      | Found a shadowy altar of Dithmenos.
  3381 | D:3      | Found an iron altar of Okawaru.
  3461 | D:1      | Learned a level 5 spell: Venom Bolt
  3628 | D:3      | Found a shimmering altar of Xom.
  3883 | D:4      | Learned a level 2 spell: Blink
  3919 | D:4      | Found a staircase to the Ecumenical Temple.
  3954 | Temple   | Entered the Ecumenical Temple
  3988 | Temple   | Became a worshipper of Jiyva Jeorrif the Shapeless
  4200 | D:4      | Killed Menkaure
  4240 | D:4      | HP: 22/44 [poisoned by an adder]
  4241 | D:4      | Reached skill level 5 in Dodging
  4248 | D:4      | HP: 21/44 [poisoned by an adder]
  4315 | D:4      | HP: 19/44 [orc priest/divine providence (12)]
  4366 | D:4      | HP: 9/44 [orc priest/divine providence (14)]
  4481 | D:4      | Reached * piety under Jiyva
  4958 | D:4      | Found a runed door.
  4962 | D:4      | Noticed Crazy Yiuf
  4966 | D:4      | Killed Crazy Yiuf
  5039 | D:5      | Entered Level 5 of the Dungeon
  5054 | D:5      | You fall through a shaft for 2 floors!
  5059 | D:7      | Noticed an orc warrior
  5080 | D:7      | Killed an orc warrior
  5080 | D:7      | Reached XP level 7. HP: 34/50 MP: 2/15
  5262 | D:5      | Found a shattered altar of Ashenzari.
  5341 | D:5      | Got a faintly glowing robe
  5352 | D:5      | Identified the +2 robe "Temuzuh" {rPois Str+4} (You found it on level 5 of the Dungeon)
  5373 | D:5      | Found a shattered altar of Ashenzari.
  5526 | D:5      | Reached skill level 5 in Stealth
  5560 | D:5      | Reached ** piety under Jiyva
  5607 | D:5      | Found a burning altar of Makhleb.
  5655 | D:5      | Learned a level 1 spell: Magic Dart
  5660 | D:5      | HP: 21/51 [iron imp (7)]
  5667 | D:5      | HP: 19/51 [iron imp (1)]
  6100 | D:6      | Found an opulent altar of Gozag.
  6130 | D:6      | Reached XP level 8. HP: 51/57 MP: 7/16
  6134 | D:6      | HP: 15/57 [orc priest/divine providence (14)]
  6153 | D:6      | HP: 15/58 [centaur skeleton (1)]
  6155 | D:6      | Reached skill level 6 in Spellcasting
  6158 | D:6      | HP: 13/58 [centaur skeleton (3)]
  6405 | D:5      | HP: 23/58 [ice beast (13)]
  6410 | D:5      | HP: 22/58 [ice beast (2)]
  6415 | D:5      | HP: 16/58 [ice beast (1)]
  6834 | D:6      | Reached *** piety under Jiyva
  6994 | D:6      | Learned a level 3 spell: Conjure Flame
  7011 | D:6      | Gained mutation: You are resistant to hostile enchantments. (MR+) [Jiyva's grace]
  7187 | D:7      | Found a sparkling altar of Nemelex Xobeh.
  7277 | D:7      | Reached **** piety under Jiyva
  7412 | D:7      | You fall through a shaft for 3 floors!
  7412 | D:10     | Entered Level 10 of the Dungeon
  7437 | D:10     | Got a dazzling ring mail
  7453 | D:10     | Identified the +1 ring mail of the Eternal Fruit {rCorr Int-3 Dex+4} (You found it on level 10 of the Dungeon)
  7522 | D:10     | Lost mutation: You are resistant to hostile enchantments. (MR+) [Jiyva's grace]
  7563 | D:9      | Noticed Pikel
  7591 | D:9      | Killed Pikel
  7591 | D:9      | Reached XP level 9. HP: 64/64 MP: 7/18
  7845 | D:8      | Reached ***** piety under Jiyva
  7897 | D:8      | Gained mutation: You expend magic power (3 MP) to strengthen your wands. [Jiyva's grace]
  7910 | D:8      | Gained mutation: Your natural rate of healing is unusually fast. [Jiyva's grace]
  7938 | D:8      | Noticed Psyche
  7953 | D:8      | HP: 26/65 [disintegration (12)]
  7956 | D:8      | HP: 10/65 [something (4)]
  7957 | D:8      | Killed Psyche
  7957 | D:8      | Reached skill level 5 in Invocations
  8006 | D:8      | Reached ****** piety under Jiyva
  8007 | D:8      | Found Esealack's Weapon Shop.
  8263 | D:7      | Noticed soepske's ghost (novice FoFi)
  8284 | D:7      | Killed soepske's ghost
  8284 | D:7      | Reached skill level 7 in Spellcasting
  8284 | D:7      | Reached XP level 10. HP: 41/72 MP: 20/20
  8626 | D:9      | Lost mutation: You expend magic power (3 MP) to strengthen your wands. [Jiyva's grace]
  8648 | D:9      | Reached skill level 5 in Fighting
  8648 | D:9      | Reached skill level 5 in Short Blades
  8648 | D:9      | Reached skill level 5 in Long Blades
  8648 | D:9      | Reached skill level 5 in Axes
  8648 | D:9      | Reached skill level 5 in Maces & Flails
  8648 | D:9      | Reached skill level 5 in Polearms
  8648 | D:9      | Reached skill level 5 in Staves
  8648 | D:9      | Reached skill level 5 in Slings
  8648 | D:9      | Reached skill level 5 in Bows
  8648 | D:9      | Reached skill level 5 in Crossbows
  8648 | D:9      | Reached skill level 5 in Throwing
  8648 | D:9      | Reached skill level 5 in Armour
  8648 | D:9      | Reached skill level 5 in Shields
  8648 | D:9      | Reached skill level 5 in Unarmed Combat
  8648 | D:9      | Reached skill level 5 in Evocations
  8706 | D:9      | Gained mutation: You have a pair of small antennae on your head. [Jiyva's grace]
  8708 | D:9      | HP: 34/73 [orc warrior/mace (4)]
  8715 | D:9      | HP: 23/73 [orc warrior/mace (1)]
  8756 | D:9      | Found a snail-covered altar of Cheibriados.
  8805 | D:9      | Gained mutation: You have acidic saliva. [Jiyva's grace]
  8812 | D:9      | Killed Maurice
  8837 | D:9      | Found a white marble altar of Elyvilon.
  8969 | D:9      | Found a hide-covered altar of Uskayaw.
  9169 | D:10     | Lost mutation: Your natural rate of healing is unusually fast. [Jiyva's grace]
  9190 | D:10     | Noticed a two-headed ogre
  9203 | D:10     | Killed a two-headed ogre
  9263 | D:8      | Bought a +0 rapier of electrocution for 132 gold pieces
  9752 | D:11     | Gained mutation: You have sharp toenails. [Jiyva's grace]
  9783 | D:11     | Reached skill level 5 in Conjurations
  9785 | D:11     | HP: 20/73 [orc warrior/flail (18)]
 10062 | D:11     | Learned a level 3 spell: Regeneration
 10218 | D:11     | Noticed Zleub's ghost (journeyman DrFi)
 10240 | D:11     | HP: 29/73 [Zleub's ghost (26)]
 10242 | D:11     | Killed Zleub's ghost
 10385 | D:11     | Reached XP level 11. HP: 80/80 MP: 19/22
 10460 | D:11     | Gained mutation: You tend to lose your temper in combat. [Jiyva's grace]
 10508 | D:11     | Killed an unseen horror
 10520 | D:11     | Found a staircase to the Lair.
 10671 | D:11     | Found Sutiacs's Jewellery Shoppe.
 10826 | D:11     | Found a staircase to the Orcish Mines.
 10833 | D:11     | Lost mutation: You have sharp toenails. [Jiyva's grace]
 11055 | D:11     | Noticed Ratty's ghost (journeyman CeBe)
 11068 | D:11     | Killed Ratty's ghost
 11068 | D:11     | Reached skill level 5 in Hexes
 11068 | D:11     | Reached skill level 5 in Charms
 11068 | D:11     | Reached skill level 5 in Summonings
 11068 | D:11     | Reached skill level 5 in Necromancy
 11068 | D:11     | Reached skill level 5 in Translocations
 11068 | D:11     | Reached skill level 5 in Transmutations
 11068 | D:11     | Reached skill level 5 in Fire Magic
 11068 | D:11     | Reached skill level 5 in Ice Magic
 11068 | D:11     | Reached skill level 5 in Air Magic
 11068 | D:11     | Reached skill level 5 in Earth Magic
 11206 | Lair:1   | Entered Level 1 of the Lair of Beasts
 11235 | Lair:1   | Reached skill level 8 in Spellcasting
 11240 | Lair:1   | HP: 34/80 [yak (12)]
 11242 | Lair:1   | HP: 12/80 [porcupine (12)]
 11601 | Lair:1   | Noticed an eight-headed hydra
 11609 | Lair:1   | HP: 37/80 [eight-headed hydra (11)]
 11610 | Lair:1   | HP: 8/80 [eight-headed hydra (11)]
 11611 | Lair:1   | Slain by an eight-headed hydra

Skill      XL: |  1  2  3  4  5  6  7  8  9 10 11 |
---------------+----------------------------------+-----
Conjurations   | 2 3 4 5 |  5.6
Spellcasting   | 5 6 7 8 |  8.0
Invocations    | 1 2 3 4 5 6 |  6.8
Fighting       | 1 2 4 5 6 |  6.2
Short Blades   | 1 2 4 5 6 |  6.2
Long Blades    | 1 2 4 5 6 |  6.2
Axes           | 1 2 4 5 6 |  6.2
Maces & Flails | 1 2 4 5 6 |  6.2
Polearms       | 1 2 4 5 6 |  6.2
Staves         | 1 2 4 5 6 |  6.2
Slings         | 1 2 4 5 6 |  6.2
Bows           | 1 2 4 5 6 |  6.2
Crossbows      | 1 2 4 5 6 |  6.2
Throwing       | 1 2 4 5 6 |  6.2
Armour         | 1 2 4 5 6 |  6.2
Shields        | 1 2 4 5 6 |  6.2
Unarmed Combat | 1 2 4 5 6 |  6.2
Evocations     | 1 2 4 5 6 |  6.2
Hexes          | 1 2 3 4 5 |  5.1
Charms         | 1 2 3 4 5 |  5.1
Summonings     | 1 2 3 4 5 |  5.1
Necromancy     | 1 2 3 4 5 |  5.1
Translocations | 1 2 3 4 5 |  5.1
Transmutations | 1 2 3 4 5 |  5.1
Fire Magic     | 1 2 3 4 5 |  5.1
Ice Magic      | 1 2 3 4 5 |  5.1
Air Magic      | 1 2 3 4 5 |  5.1
Earth Magic    | 1 2 3 4 5 |  5.1
Dodging        | 5 6 7 |  7.8
Stealth        | 5 6 7 |  7.5
Poison Magic   | 6 7 |  7.6

Action                   |  1- 3 |  4- 6 |  7- 9 | 10-12 || total
-------------------------+-------+-------+-------+-------++-------
Melee: Hand axe          |    30 |     2 |       |       ||    32
       Bite              |     4 |     7 |    21 |    20 ||    52
       Flail             |       |    47 |       |       ||    47
       Short sword       |       |    78 |   168 |   122 ||   368
       Punch             |       |     1 |     2 |     1 ||     4
       Spear             |       |     1 |     3 |    36 ||    40
       Whip              |       |       |     3 |       ||     3
       Kick              |       |       |       |    24 ||    24
 Cast: Sting             |    46 |    49 |    10 |       ||   105
       Mephitic Cloud    |       |     3 |       |     1 ||     4
       Olgreb's Toxic Ra |       |     7 |    19 |    17 ||    43
       Magic Dart        |       |       |    84 |    55 ||   139
       Conjure Flame     |       |       |     6 |    13 ||    19
       Blink             |       |       |     2 |     3 ||     5
       Regeneration      |       |       |       |     3 ||     3
Invok: Request Jelly     |       |       |     1 |       ||     1
Evoke: Wand              |       |       |     1 |     1 ||     2
  Use: Scroll            |     1 |    10 |     5 |     1 ||    17
 Stab: Sleeping          |       |    12 |     5 |     1 ||    18
       Distracted        |       |     1 |       |       ||     1
  Eat: Chunk             |     2 |    11 |     4 |       ||    17
Armor: Robe              |    12 |    30 |    70 |    38 ||   150
Dodge: Dodged            |    56 |   126 |   174 |   120 ||   476

Vault maps used:
D:1:      erik_arrival_triangle_small
D:2:      uniq_natasha, uniq_robin
D:3:      overflow_temple_1_default, grunt_dithmenos_smoke, xom_butterflies,
          okawaru_metal_pillars_1_2, lemuel_doored_altar, first_ration
D:4:      minmay_temple_entry_statues, uniq_menkaure, uniq_crazy_yiuf_cottage
D:5:      cheibrodos_ashenzari_chains, demons_altar, basic_altar,
          kennysheep_generic_room_6
D:6:      basic_altar
D:7:      nemelex_xobeh_ov_fountains_minmay, hangedman_decor_clover_reticule
D:8:      serial_shops, nicolae_shop_trees, kennysheep_potato, uniq_psyche
D:9:      kennysheep_mini, elyvilon_altar_3, slow_altar_1, uniq_pikel,
          uniq_maurice
D:11:     lair_entry_dummy, erik_orc_2, serial_shops, nicolae_shop_trees
Temple:   pf_slime_end_temple
